 Dungeon Crawl Stone Soup version 0.28-a0-312-gbced6e68ee (webtiles) character file.

Game seed: 4440490123722850336

2100 siradein the Carver (level 9, -4/74 HPs)
             Began as a Deep Dwarf Fighter on Aug 31, 2021.
             Was an Initiate of Elyvilon.
             Slain by Duvessa (6 damage)
             ... on level 6 of the Dungeon.
             The game lasted 00:23:07 (4413 turns).

siradein the Carver (Deep Dwarf Fighter)            Turns: 4413, Time: 00:23:08

Health: -4/74      AC: 12    Str: 23    XL:     9   Next: 7%
Magic:  8/8        EV:  4    Int:  9    God:    Elyvilon [......]
Gold:   349        SH:  8    Dex: 12    Spells: 8/8 levels left

rFire   . . .      SeeInvis .   a - +0 long sword
rCold   . . .      Faith    .   c - +0 kite shield
rNeg    . . .      Spirit   .   x - +0 plate armour
rPois   .          Reflect  .   (no helmet)
rElec   .          Harm     .   h - +0 cloak
rCorr   .          Rampage  .   (no gloves)
Will    +....                   (no boots)
Stlth   ..........              r - amulet of the acrobat
HPRegen 0.00/turn               (no ring)
MPRegen 0.11/turn               (no ring)

@: no status effects
A: damage resistance, heal wounds, sense surroundings 2, no regeneration
a: Heal Wounds, Renounce Religion


You were on level 6 of the Dungeon.
You worshipped Elyvilon.
Elyvilon was noncommittal.
You visited 2 branches of the dungeon, and saw 7 of its levels.

You collected 349 gold pieces.

Inventory:

Hand Weapons
 a - a +0 long sword (weapon)
 s - the +8 spear "Sodaax" {venom, rElec rN+ Stlth-}
   (You found it on level 4 of the Dungeon)

   It poisons the flesh of those it strikes.
   rElec:     It insulates you from electricity.
   rN:        It protects you from negative energy.
   Stlth:     It makes you less stealthy.
Missiles
 i - 7 javelins
Armour
 c - a +0 kite shield (worn)
 h - a +0 cloak (worn)
 w - a +0 buckler
 x - a +0 plate armour (worn)
Jewellery
 p - a +6 ring of intelligence
 r - an amulet of the acrobat (around neck)
Scrolls
 g - 4 scrolls of teleportation {unknown}
 j - 6 scrolls of identify {unknown}
 o - 2 scrolls of fear {unknown}
 t - a scroll of brand weapon {unknown}
 u - 2 scrolls of enchant armour {unknown}
Potions
 b - a potion of cancellation {unknown}
 d - 2 potions of heal wounds
 e - 2 potions of berserk rage {unknown}
 f - a potion of resistance
 k - a potion of curing
 l - 3 potions of lignification {unknown}
 m - a potion of invisibility {unknown}
 n - a potion of ambrosia {unknown}
 q - 2 potions of brilliance {unknown}
 v - a potion of flight {unknown}


   Skills:
 - Level 2.6 Fighting
 + Level 11.5 Long Blades
 - Level 3.2 Armour
 - Level 3.2 Shields
 + Level 3.7 Invocations


You had 8 spell levels left.
You didn't know any spells.
Your spell library contained the following spells:

 Spells                   Type           Power      Damage    Failure   Level
 Conjure Flame            Conj/Fire      0%         6-21      100%        3
 Frozen Ramparts          Ice            0%         1d2       100%        3
 Ignite Poison            Fire/Tmut/Pois 0%         N/A       100%        3
 Ice Form                 Ice/Tmut       0%         N/A       100%        4
 Sticky Flame             Conj/Fire      0%         2d3       100%        4
 Summon Ice Beast         Ice/Summ       0%         N/A       100%        4


Dungeon Overview and Level Annotations

Branches:
Dungeon (6/15)             Temple (1/1) D:6

Altars:
Cheibriados
Dithmenos
Elyvilon
Hepliaklqana
Kikubaaqudgha
Makhleb
Nemelex Xobeh
Okawaru
Qazlal
Ru
Sif Muna
Trog
Uskayaw
Vehumet
Wu Jian
Xom
Yredelemnul
Zin
The Shining One

Annotations:
D:4 3 runed translucent doors, jimbles's ghost, amateur SpEE
D:6 Duvessa


Innate Abilities, Weirdness & Mutations

You are resistant to damage.
You can heal yourself by infusing magical energy.
You passively map the area around you.
You do not regenerate.


Message History

The +8 spear "Sodaax" {venom, rElec rN+ Stlth-} begins to drip with poison!
s - the +8 spear "Sodaax" (weapon)
{venom, rElec rN+ Stlth-} Duvessa goes berserk!
The teleport trap disappears.
Duvessa disappears!
Duvessa reappears nearby!
Duvessa rages.
There is an open door here.
You block Duvessa's attack.
You hit Duvessa.
Duvessa is poisoned.
Duvessa is lightly wounded.
Duvessa hits you with a +0 short sword. Duvessa hits you with a +0 short sword!
You puncture Duvessa!
Duvessa looks as sick as possible!
Duvessa is moderately wounded.
Duvessa hits you with a +0 short sword! x2
You are too injured to fight recklessly!
The +8 spear "Sodaax" {venom, rElec rN+ Stlth-} stops dripping with poison.
a - a +0 long sword (weapon)
You block Duvessa's attack.
There is an open door here.
Duvessa closely misses you.
Duvessa rages.
Duvessa hits you with a +0 short sword.
You barely miss Duvessa.
Duvessa is heavily wounded.
Duvessa hits you with a +0 short sword!
You barely miss Duvessa.
Duvessa is heavily wounded.
Duvessa hits you with a +0 short sword. Duvessa barely misses you.
Your plate armour prevents you from hitting Duvessa.
Duvessa is heavily wounded.
You block Duvessa's attack.
You closely miss Duvessa.
Duvessa is severely wounded.
Duvessa hits you with a +0 short sword. Duvessa hits you with a +0 short sword!
* * * LOW HITPOINT WARNING * * *
You closely miss Duvessa.
Duvessa is severely wounded.
Duvessa hits you with a +0 short sword!
* * * LOW HITPOINT WARNING * * *
You fail to use your ability.
Duvessa hits you with a +0 short sword!
You die...

, , * *, ,* * * * ,* * ,,,
, * ##+#* , , * ##...## ,
,* ##.....## # .#. ,
##.......## #.... *
*#.........###......######
, ,,,
+.......@e'..........>...
,
#.........####......##.##
, , ,##.......## *...##
*#.# #.......## *. ,**,
#.# * ,#.##....# #.# , ,,
#.....# *#.# ** *
#,#.###.# * #.## , #.#.
#.# ,, * #... * #.#.###.#
,, , *####


You could see Duvessa (berserk, very poisoned).

Vanquished Creatures
  Pikel (D:4)
  Sigmund (D:3)
  Eustachio (D:4)
  A water moccasin (D:5)
  An orc warrior (D:6)
  A black bear (D:6)
  An ogre (D:4)
  A centaur (D:6)
  2 phantoms
  A lemure (D:4)
  2 scorpions
  2 water moccasin zombies
  A water moccasin skeleton (D:3)
  Dowan (D:6)
  2 jellies
  2 hounds
  Jessica (D:3)
  An iguana (D:5)
  2 scorpion zombies (D:4)
  An orc wizard (D:6)
  2 adders
  A shadow imp (D:6)
  2 ufetubi
  An adder skeleton (D:4)
  2 adder zombies (D:4)
  A worm (D:3)
  A dart slug (D:2)
  10 orcs
  4 ball pythons
  4 endoplasms
  10 goblins
  10 hobgoblins
  11 jackals
  3 quokkas
  8 bats
  4 frilled lizards
  12 kobolds
  3 rats
115 creatures vanquished.

Notes
Turn   | Place    | Note
-------+----------+-------------------------------------------
     0 | D:1      | siradein the Deep Dwarf Fighter began the quest for the
                  | Orb.
     0 | D:1      | Reached XP level 1. HP: 20/20 MP: 1/1
   202 | D:1      | Reached XP level 2. HP: 20/27 MP: 2/2
   211 | D:1      | Reached skill level 3 in Long Blades
   333 | D:1      | Reached XP level 3. HP: 18/33 MP: 3/3
   730 | D:1      | Found a faded altar of an unknown god.
  1106 | D:2      | Reached skill level 4 in Long Blades
  1242 | D:2      | You fall into a shaft and drop 1 floor!
  1701 | D:3      | Reached XP level 4. HP: 32/40 MP: 3/3
  1790 | D:3      | Reached skill level 5 in Long Blades
  2011 | D:3      | Noticed Sigmund
  2057 | D:3      | Killed Sigmund
  2058 | D:3      | Reached skill level 6 in Long Blades
  2058 | D:3      | Reached XP level 5. HP: 29/46 MP: 4/4
  2058 | D:3      | Reached XP level 6. HP: 34/55 MP: 5/5
  2098 | D:3      | Noticed Jessica
  2100 | D:3      | Killed Jessica
  2301 | D:4      | Found a runed translucent gate.
  2301 | D:4      | Found a runed translucent gate.
  2574 | D:4      | Reached skill level 7 in Long Blades
  2615 | D:4      | Identified the +8 spear "Sodaax" {venom, rElec rN+ Stlth-}
  2623 | D:4      | Reached XP level 7. HP: 40/61 MP: 6/6
  2803 | D:4      | Noticed Pikel
  2829 | D:4      | Killed Pikel
  2830 | D:4      | Reached skill level 9 in Long Blades
  2830 | D:4      | Reached XP level 8. HP: 30/68 MP: 7/7
  2987 | D:4      | Found a radiant altar of Vehumet.
  3044 | D:4      | Noticed Eustachio
  3051 | D:4      | Killed Eustachio
  3052 | D:4      | Reached skill level 10 in Long Blades
  3099 | D:4      | Found a runed translucent gate.
  3103 | D:4      | Noticed jimbles's ghost (amateur SpEE)
  3205 | D:5      | Entered Level 5 of the Dungeon
  3655 | D:6      | Found a staircase to the Ecumenical Temple.
  3667 | Temple   | Entered the Ecumenical Temple
  3676 | Temple   | Became a worshipper of Elyvilon the Healer
  3711 | D:5      | Reached skill level 11 in Long Blades
  3833 | D:6      | Noticed Dowan
  3883 | D:6      | Killed Dowan
  3884 | D:6      | Reached skill level 1 in Invocations
  4241 | D:6      | Gained mutation: You passively map the area around you.
                  | [Deep Dwarf growth]
  4241 | D:6      | Reached XP level 9. HP: 52/74 MP: 8/8
  4397 | D:6      | Noticed Duvessa
  4412 | D:6      | HP: 2/74 [Duvessa (8)]
  4413 | D:6      | Slain by Duvessa

Illustrated notes

Levels and vault maps discovered:
D:1:      psy_arrival_dodecagon, layout_loops_ring,
          shapermc_ecumenical_altar_notcrosses
D:2:      layout_loops_ring, chequers_serial_rivers_room_b,
          kennysheep_another_room
D:3:      minmay_general_purpose_star, layout_loops_cross,
          minmay_misc_feat_columns, uniq_sigmund, uniq_jessica
D:4:      minmay_angry_zag, layout_basic, nicolae_vehumet_altar_sigil,
          gammafunk_ghost_necromancy, serial_undead, serial_undead_a,
          serial_undead_b, serial_undead_b, serial_undead_d, uniq_pikel,
          uniq_eustachio
D:5:      layout_gridville
D:6:      layout_loops_corners, minmay_temple_entry_sparse_star,
          minmay_strange_pillars, uniq_duvessa
Temple:   nicolae_temple_no_exploring_needed

Skill      XL: |  1  2  3  4  5  6  7  8 |
---------------+-------------------------+-----
Long Blades    | 3 4 6 7 9 11 | 11.5
Invocations    | 3 |  3.7
Fighting       | |  2.6
Armour         | |  3.2
Shields        | |  3.2

Action                   |  1- 3 |  4- 6 |  7- 9 || total
-------------------------+-------+-------+-------++-------
Melee: Long sword        |   150 |   119 |    62 ||   331
       Spear             |       |     3 |   115 ||   118
 Abil: Heal Wounds       |     2 |     3 |     9 ||    14
  Use: Potion            |       |     3 |       ||     3
Armor: Scale mail        |    75 |    62 |    39 ||   176
       Plate armour      |       |       |    32 ||    32
Dodge: Dodged            |    49 |    32 |    61 ||   142
Block: Kite shield       |    71 |    56 |    59 ||   186
       Buckler           |       |       |     9 ||     9

Table legend: (Time is in decaauts)
 A = Elapsed time spent in this place.
 B = Non-inter-level travel time spent in this place.
 C = Inter-level travel time spent in this place.
 D = Time resting spent in this place.
 E = Time spent auto-exploring this place.
 F = Levels seen in this place.
 G = Mean time per level.
                   A        B        C        D        E       F      G
               +--------+--------+--------+--------+--------+-----+--------+
         Total |   4556 |   4443 |    113 |     15 |   3102 |   7 |  650.9 |
       Dungeon |   4537 |   4424 |    113 |     15 |   3102 |   6 |  756.2 |
        Temple |     18 |     18 |      0 |      0 |      0 |   1 |   18.0 |
               +--------+--------+--------+--------+--------+-----+--------+

Top non-repeatable levels by time:
     D:4: 1004 daAuts
     D:1: 848 daAuts
     D:3: 774 daAuts
     D:2: 705 daAuts
     D:6: 657 daAuts
     D:5: 547 daAuts
  Temple: 18 daAuts
